 Dungeon Crawl Stone Soup version 0.23-a0-650-ga4d50d4 (webtiles) character file.

48 Borgoz the Sneak (level 4, 0/27 HPs)
             Began as a Kobold Assassin on Jan 2, 2019.
             Slain by a gnoll
             ... wielding a +0 spear
              (10 damage)
             ... on level 2 of the Dungeon.
             The game lasted 00:01:56 (875 turns).

Borgoz the Sneak (Kobold Assassin)                   Turns: 875, Time: 00:01:57

Health: 0/27       AC:  4    Str:  8    XL:     4   Next: 0%
Magic:  0/4        EV: 15    Int: 12    God:
Gold:   113        SH:  0    Dex: 17    Spells: 3/3 levels left

rFire    . . .     SeeInvis .   a - +1 dagger (venom)
rCold    . . .     Gourm    .   (shield restricted)
rNeg     . . .     Faith    .   c - +0 robe
rPois    .         Spirit   +   (no helmet)
rElec    .         Reflect  .   d - +0 cloak
rCorr    .         Harm     .   (no gloves)
MR       .....                  (no boots)
Stlth    +++.......             l - amulet of guardian spirit
HPRegen  0.09/turn              k - +1 ring of protection
MPRegen  0.09/turn              (no ring)

@: no status effects
A: small, carnivore
a: no special abilities


You were on level 2 of the Dungeon.
You were full.

You visited 1 branch of the dungeon, and saw 2 of its levels.

You collected 113 gold pieces.

Inventory:

Hand Weapons
 a - a +1 dagger of venom (weapon)
 b - a +0 blowgun
Missiles
 e - 8 poisoned needles
 f - 2 curare-tipped needles
Armour
 c - a +0 robe (worn)
 d - a +0 cloak (worn)
Jewellery
 k - a +1 ring of protection (left hand)
 l - an amulet of guardian spirit (around neck)
Scrolls
 o - a scroll of teleportation {unknown}
 p - a scroll of remove curse {unknown}
 t - a scroll of amnesia {unknown}
 u - a scroll of enchant weapon {unknown}
 v - a scroll of immolation {unknown}
 w - a scroll of identify {unknown}
 x - a scroll of blinking {unknown}
Potions
 h - 3 potions of curing {unknown}
 i - 2 potions of might {unknown}
 j - a potion of ambrosia {unknown}
 m - a potion of heal wounds {unknown}
 n - a potion of berserk rage {unknown}
 q - a potion of lignification {unknown}
 r - 3 potions of brilliance {unknown}
 s - a potion of flight {unknown}
Comestibles
 g - 5 rations


   Skills:
 + Level 2.6 Fighting
 + Level 3.4 Short Blades
 + Level 2.1 Throwing
 + Level 1.8 Dodging
 + Level 6.3 Stealth


You had 3 spell levels left.
You didn't know any spells.
Your spell library was empty.

Dungeon Overview and Level Annotations

Branches:
Dungeon (2/15)

Altars:
Fedhas


Innate Abilities, Weirdness & Mutations

You are small and have problems with some larger weapons.
You are carnivorous and can eat meat at any time.


Message History

The gnoll hits you with a +0 spear!
Found an escape hatch in the floor.
You hit the gnoll.
The gnoll is poisoned.
The gnoll is moderately wounded.
The gnoll closely misses you. The gnoll hits you with a +0 spear!
You are too injured to fight recklessly!
You are too injured to fight recklessly!
You are too injured to fight recklessly!
You are too injured to fight recklessly!
You are too injured to fight recklessly!
You are too injured to fight recklessly!
You are too injured to fight recklessly!
You are too injured to fight recklessly!
You are too injured to fight recklessly!
You are too injured to fight recklessly!
You are too injured to fight recklessly!
You are too injured to fight recklessly!
Okay, then.
The gnoll hits you from afar with a +0 spear!
You die...

#.# #..# #.# #.#
#.# #..# ##.####.#
.# #.# #..#
#.......# .#
#.###..###..######
.#
#...........†.....
.#
#.####............
.# #.#
#.#######..## .#
#.# #.########.#
.# #@#
#...)......#
.######## #.#
#.########.#
......... #g# #.#
#.# ..####### #g#
#.# #.# ..# #g#
#.# ######.# #(#
#?# ##.# #......+
#[# #.# #..#
#.####.# #.# #.#
#.## #.# #.# ..#
#># #.# #.# #..


You could see 3 gnolls.

Vanquished Creatures
  An adder (D:2)
  A dart slug (D:1)
  A leopard gecko (D:2)
  A giant cockroach (D:1)
  4 goblins (D:1)
  7 hobgoblins
  3 jackals (D:1)
  4 kobolds
  A quokka (D:2)
  4 bats
  2 rats (D:1)
29 creatures vanquished.

Notes
Turn   | Place    | Note
-------+----------+-------------------------------------------
     0 | D:1      | Borgoz the Kobold Assassin began the quest for the Orb.
     0 | D:1      | Reached XP level 1. HP: 12/12 MP: 1/1
    90 | D:1      | Reached XP level 2. HP: 16/17 MP: 2/2
   179 | D:1      | Reached skill level 6 in Stealth
   310 | D:1      | Reached XP level 3. HP: 19/22 MP: 3/3
   673 | D:2      | Found a blossoming altar of Fedhas.
   776 | D:2      | Reached XP level 4. HP: 25/27 MP: 4/4
   875 | D:2      | Slain by a gnoll

Vault maps used:
D:1:      dpeg_arrival_chambers_temple_mockup
D:2:      minivault_25, fedhas_altar_2

Skill      XL: |  1  2  3 |
---------------+----------+-----
Stealth        | 6 |  6.3
Short Blades   | 3 |  3.4
Fighting       | |  2.6
Throwing       | |  2.1
Dodging        | |  1.8

Action                   |  1- 3 |  4- 6 || total
-------------------------+-------+-------++-------
Melee: Dagger            |    61 |     1 ||    62
 Stab: Sleeping          |    10 |       ||    10
  Eat: Chunk             |     3 |     2 ||     5
Armor: Robe              |     7 |       ||     7
Dodge: Dodged            |    31 |     1 ||    32

Table legend:
 A = Non-vault XP
 B = Vault XP
 C = Vault XP percentage of total XP
 D = Non-vault monster count
 E = Vault monster count
 F = Vault count percentage of total count
                 A         B        C        D         E       F
            +---------+---------+-------+---------+---------+-------
      Total |      69 |       0 |   0.0 |      29 |       0 |   0.0
            +---------+---------+-------+---------+---------+-------
        D:1 |      37 |       0 |   0.0 |      19 |       0 |   0.0
        D:2 |      32 |       0 |   0.0 |      10 |       0 |   0.0
            +---------+---------+-------+---------+---------+-------
